 Dungeon Crawl Stone Soup version 0.28-a0-622-gbaef9634d7 (webtiles) character file.

Game seed: 14220849596967009548

99 porpoise the Conjurer (level 4, -3/24 HPs)
             Began as a Deep Elf Conjurer on Oct 8, 2021.
             Slain by Robin (8 damage)
             ... on level 3 of the Dungeon.
             The game lasted 00:08:59 (2948 turns).

porpoise the Conjurer (Deep Elf Conjurer)           Turns: 2948, Time: 00:08:59

Health: -3/24      AC:  3    Str:  4    XL:     4   Next: 45%
Magic:  1/13       EV: 12    Int: 24    God:
Gold:   48         SH:  0    Dex: 13    Spells: 2/13 levels left

rFire   . . .      SeeInvis .   b - +0 hunting sling
rCold   . . .      Faith    .   (no shield)
rNeg    . . .      Spirit   .   g - +0 robe
rPois   .          Reflect  .   (no helmet)
rElec   .          Harm     .   o - +0 cloak
rCorr   .          Rampage  .   (no gloves)
Will    .....                   (no boots)
Stlth   ++........              (no amulet)
HPRegen 0.08/turn               (no ring)
MPRegen 0.13/turn               (no ring)

@: no status effects
A: no striking features
a: no special abilities


You were on level 3 of the Dungeon.
You visited 1 branch of the dungeon, and saw 4 of its levels.

You collected 48 gold pieces.

Inventory:

Hand Weapons
 a - a +2 dagger of protection
 b - a +0 hunting sling (weapon)
Missiles
 e - 69 stones (quivered ammo)
 k - 2 javelins
 n - 31 poisoned darts
 p - 17 sling bullets
Armour
 g - a +0 robe (worn)
 i - a +2 buckler
 o - a +0 cloak (worn)
Scrolls
 c - 2 scrolls of teleportation {unknown}
 f - 3 scrolls of identify {unknown}
 h - a scroll of enchant armour {unknown}
 m - a scroll of magic mapping {unknown}
Potions
 d - 2 potions of cancellation {unknown}
 j - 2 potions of curing
 l - 2 potions of flight {unknown}
 q - a potion of might {unknown}


   Skills:
 - Level 2.4 Dodging
 - Level 2.4 Stealth
 + Level 5.0 Spellcasting
 - Level 5.4 Conjurations
 + Level 1.1 Hexes


You had 2 spell levels left.
You knew the following spells:

 Your Spells              Type           Power      Damage    Failure   Level
a - Magic Dart            Conj           100%       1d8       1%          1
b - Searing Ray           Conj           64%        2d6       1%          2
c - Fulminant Prism       Conj/Hex       10%        3d9       22%         4
d - Iskenderun's Mystic   Conj/Tloc      19%        2d6       28%         4

Your spell library contained the following spells:

 Spells                   Type           Power      Damage    Failure   Level
 Slow                     Hex            11%        N/A       9%          2
 Dazzling Flash           Conj/Hex       42%        N/A       7%          3
 Confusing Touch          Hex            11%        N/A       17%         3
 Yara's Violent Unravell  Hex/Tmut       4%         3d4       89%         5


Dungeon Overview and Level Annotations

Branches:
Dungeon (4/15)
 Temple: D:4-7

Altars:

Shops:
D:2 =

Annotations:
D:3 Robin


Message History

Robin is moderately wounded.
Robin closely misses you.
The searing ray hits Robin.
Robin is heavily wounded.
You finish channelling your searing ray.
Robin hits you with a +4 mace of protection.
Casting: Searing Ray (safe; 1% risk of failure)
Confirm with . or Enter, or press ? or * to list all spells.
Aiming: Searing Ray (safe; 1% risk of failure)
Press: ? - help, Shift-Dir - straight line, f/p - Robin
Aim: Robin, wielding a +4 mace of protection, wearing a +0 animal skin and wearing a +0 helmet (heavily wounded, 86% to hit)
The searing ray hits Robin.
Robin is heavily wounded. (Press . to maintain the ray.) Robin drinks a potion.
Robin is healed!
The searing ray hits Robin.
Robin is moderately wounded.
Robin hits you with a +4 mace of protection.
* * * LOW HITPOINT WARNING * * *
The searing ray hits Robin but does no damage.
Robin is moderately wounded.
Robin misses you.
The searing ray hits Robin but does no damage.
Robin is moderately wounded.
You finish channelling your searing ray.
Robin hits you with a +4 mace of protection.
* * * LOW HITPOINT WARNING * * *
Casting: Searing Ray (safe; 1% risk of failure)
Confirm with . or Enter, or press ? or * to list all spells.
Aiming: Searing Ray (safe; 1% risk of failure)
Press: ? - help, Shift-Dir - straight line, f/p - Robin
Aim: Robin, wielding a +4 mace of protection, wearing a +0 animal skin and wearing a +0 helmet (moderately wounded, 86% to hit)
The searing ray hits Robin!
Robin is almost dead. (Press . to maintain the ray.) Robin completely misses you.
The searing ray hits Robin.
Robin is almost dead.
Robin hits you with a +4 mace of protection!
You die...

########### #.....<...#
#.#######.# ###[#######.####
#..........)...#
#.#.#####.#.##.########
#.#<.....g..#.........##
#.#####...@.#..........# #.#
##...##...#####..# #.#
##.#####.#####..## ###.###
#.# #.##......# #.....# #.#
#.##.##..## ###.....# ##'##
#.##.##.## #.......# ##...##
#.##.##.#
#.#.....###.....###.......#
###.#.....##.......#####..###


You could see Robin.

Vanquished Creatures
  3 gnolls (D:3)
  An adder (D:3)
  A worm (D:3)
  An orc (D:3)
  5 bats
  3 endoplasms
  3 giant cockroaches
  4 hobgoblins
  4 jackals (D:1)
  2 quokkas
  6 ball pythons
  3 frilled lizards (D:3)
  10 goblins
  5 kobolds
  2 rats
53 creatures vanquished.

Notes
Turn   | Place    | Note
-------+----------+-------------------------------------------
     0 | D:1      | porpoise the Deep Elf Conjurer began the quest for the Orb.
     0 | D:1      | Reached XP level 1. HP: 10/10 MP: 6/6
   228 | D:1      | Reached XP level 2. HP: 11/15 MP: 4/8
   232 | D:1      | Learned a level 2 spell: Searing Ray
   908 | D:1      | Reached skill level 5 in Conjurations
   908 | D:1      | Reached XP level 3. HP: 19/19 MP: 7/10
  1407 | D:2      | Found Hubi's Jewellery Boutique.
  1735 | D:3      | Reached XP level 4. HP: 17/24 MP: 6/12
  1933 | D:3      | Learned a level 4 spell: Fulminant Prism
  1938 | D:3      | Learned a level 4 spell: Iskenderun's Mystic Blast
  2871 | D:4      | Reached skill level 5 in Spellcasting
  2871 | D:4      | Reached skill level 1 in Hexes
  2875 | D:4      | Noticed Robin
  2948 | D:3      | Slain by Robin

Illustrated notes

Levels and vault maps discovered:
D:1:      giann_forest_graveyard, layout_basic
D:2:      layout_rooms, serial_shops, nicolae_diamond_shop
D:3:      layout_loops_corners
D:4:      layout_basic, kennysheep_mini, temple_fountains, serial_shops, shop,
          gammafunk_ghost_arena, uniq_duvessa, uniq_robin,
          uniq_crazy_yiuf_cottage, uniq_edmund

Skill      XL: |  1  2  3  4 |
---------------+-------------+-----
Spellcasting   | 4 5 |  5.0
Conjurations   | 5 |  5.4
Hexes          | 1 |  1.1
Dodging        | |  2.4
Stealth        | |  2.4

Action                   |  1- 3 |  4- 6 || total
-------------------------+-------+-------++-------
Melee: Dagger            |     1 |       ||     1
 Cast: Magic Dart        |    45 |    16 ||    61
       Searing Ray       |     6 |     6 ||    12
Armor: Robe              |     3 |       ||     3
Dodge: Dodged            |    13 |     4 ||    17

Table legend: (Time is in decaauts)
 A = Elapsed time spent in this place.
 B = Non-inter-level travel time spent in this place.
 C = Inter-level travel time spent in this place.
 D = Time resting spent in this place.
 E = Time spent auto-exploring this place.
 F = Levels seen in this place.
 G = Mean time per level.
                   A        B        C        D        E       F      G
               +--------+--------+--------+--------+--------+-----+--------+
         Total |   2948 |   2897 |     51 |   1116 |   1428 |   4 |  737.0 |
       Dungeon |   2948 |   2897 |     51 |   1116 |   1428 |   4 |  737.0 |
               +--------+--------+--------+--------+--------+-----+--------+

Top non-repeatable levels by time:
     D:3: 1271 daAuts
     D:1: 989 daAuts
     D:2: 675 daAuts
     D:4: 12 daAuts
